 Dungeon Crawl Stone Soup version 0.28-a0-938-gbc3f381ebc (webtiles) character file.

Game seed: 3396927103279878984

1574 ytrimaz the Chopper (level 8, -12/106 HPs)
             Began as a Purple Draconian Berserker on Nov 28, 2021.
             Was an Elder of Trog.
             Mangled by a manticore (20 damage)
             ... on level 6 of the Dungeon.
             The game lasted 00:08:54 (5908 turns).

ytrimaz the Chopper (Purple Draconian Berserker)    Turns: 5908, Time: 00:08:54

Health: -12/106    AC:  7    Str: 22    XL:     8   Next: 59%
Magic:  0/8        EV: 14    Int:  7    God:    Trog [****..]
Gold:   257        SH:  0    Dex: 17    Spells: 7/7 levels left

rFire   . . .      SeeInvis .   a - +1 hand axe
rCold   . . .      Faith    .   (no shield)
rNeg    . . .      Spirit   +   (armour unavailable)
rPois   .          Reflect  .   (helmet restricted)
rElec   .          Harm     .   (no cloak)
rCorr   .          Rampage  .   (no gloves)
Will    +....                   c - +0 pair of boots
Stlth   ..........              k - amulet of guardian spirit
HPRegen 0.27/turn               j - +6 ring of dexterity
MPRegen 0.11/turn               (no ring)

@: berserking, short of breath, studying Fighting, very quick
A: breathe power, AC +6, unfitting armour, cold-blooded
a: Breathe Dispelling Energy, Renounce Religion, Berserk, Trog's Hand, Brothers
in Arms


You were on level 6 of the Dungeon.
You worshipped Trog.
Trog was greatly pleased with you.
You visited 1 branch of the dungeon, and saw 6 of its levels.

You collected 257 gold pieces.

Inventory:

Hand Weapons
 a - a +1 hand axe (weapon)
 n - the +2 falchion "Esisuude" {venom, rN++ Str-5}
   (You found it on level 5 of the Dungeon)

   It poisons the flesh of those it strikes.
   Str:       It affects your strength (-5).
   rN:        It greatly protects you from negative energy.
Missiles
 h - 3 javelins
 q - 5 datura-tipped darts
Armour
 c - a +0 pair of boots (worn)
Jewellery
 j - a +6 ring of dexterity (left hand)
 k - an amulet of guardian spirit (around neck)
 o - a +6 ring of intelligence
 p - a ring of positive energy
Scrolls
 b - a scroll of enchant armour
 g - 2 scrolls of vulnerability
 l - 4 scrolls of blinking
 r - a scroll of teleportation
Potions
 d - a potion of haste {unknown}
 e - 3 potions of curing
 f - a potion of flight {unknown}
 i - 2 potions of degeneration {unknown}
 m - a potion of heal wounds {unknown}


   Skills:
 + Level 6.6 Fighting
 + Level 7.6 Axes
 * Level 3.1 Throwing
 + Level 5.0 Dodging
 * Level 3.6 Stealth


You had 7 spell levels left.
You didn't know any spells.
Your spell library was empty.

Dungeon Overview and Level Annotations

Branches:
Dungeon (6/15)
 Temple: D:4-7

Altars:
Cheibriados
Dithmenos
Elyvilon
Hepliaklqana
Makhleb
Ru
Vehumet
Wu Jian

Shops:
D:3 =


Innate Abilities, Weirdness & Mutations

You can breathe bolts of dispelling energy.
Your rich purple scales are hard. (AC +6)
You cannot fit into any form of body armour.
You are cold-blooded and may be slowed by cold attacks.


Message History

The manticore misses you.
You slash the manticore!
The manticore is moderately wounded.
The manticore bites you! The manticore closely misses you.
The manticore barely misses you.
You hit the manticore but do no damage.
The manticore is moderately wounded.
The manticore completely misses you. The manticore barely misses you. x2
You closely miss the manticore.
The manticore is moderately wounded.
The manticore bites you but does no damage.
The manticore claws you. The manticore barely misses you.
You hit the manticore. You tail-slap the manticore.
The manticore is moderately wounded.
The manticore closely misses you. x2; The manticore misses you.
You closely miss the manticore.
The manticore is moderately wounded.
A centaur zombie comes into view.
You slash the manticore!
The manticore is heavily wounded.
The manticore misses you. The manticore claws you. The manticore misses you.
You breathe a bolt of dispelling energy.
The bolt of dispelling energy hits the manticore.
The manticore is severely wounded.
The manticore bites you! The manticore closely misses you.
The manticore misses you.
You closely miss the manticore. You tail-slap the manticore.
The manticore is severely wounded.
The manticore closely misses you. The manticore claws you. x2
You hit the manticore.
The manticore is severely wounded.
The manticore bites you!
* * * LOW HITPOINT WARNING * * *
The manticore claws you.
* * * LOW HITPOINT WARNING * * *
The manticore claws you!
* * * LOW HITPOINT WARNING * * *
A red film seems to cover your vision as you go berserk!
You feel yourself moving faster!
You feel mighty! The manticore bites you!!
You die...

#.# #. ##.##.####
#.######### #.###.##.#
#...##.... .......#.######
###.##.#.##### #...##....
#.##........ ##.....###
#.##.#.#.#.# #.#######
#.##.#.#.#Z# #........
#.#..#.#.#H# #.#######
#.#.#.#.#@# ##.#
#.#.#############.)#
#.#.............))##
#.####.####.###..#######
#.# #.# #....).......# #.#
#.# #####..####..# #.#
##.## #..###...##
#.###...#######..##.###.##
#..........)..#..#.## ##..


You could see a manticore and a centaur zombie.

Vanquished Creatures
  Sigmund (D:2)
  A sky beast (D:6)
  2 necrophages
  2 centaurs
  A bullfrog (D:6)
  2 water moccasin zombies (D:6)
  4 wights (D:6)
  A bullfrog zombie (D:5)
  A jelly (D:5)
  6 orc priests
  2 centaur skeletons (D:6)
  An iguana (D:5)
  4 orc wizards
  Terence (D:2)
  A hound skeleton (D:5)
  6 adders
  A howler monkey skeleton (D:3)
  An adder skeleton (D:5)
  2 adder zombies (D:3)
  3 worms
  2 dart slugs
  23 orcs
  8 ball pythons
  7 bats
  4 endoplasms
  A giant cockroach (D:2)
  16 goblins
  2 hobgoblins
  6 quokkas
  A ball python skeleton (D:3)
  7 frilled lizards
  6 kobolds
  A quokka skeleton (D:3)
  A quokka zombie (D:3)
  4 rats
132 creatures vanquished.

Vanquished Creatures (others)
  8 withered plants (D:3)
8 creatures vanquished.

Grand Total: 140 creatures vanquished

Notes
Turn   | Place    | Note
-------+----------+-------------------------------------------
     0 | D:1      | ytrimaz the Draconian Berserker began the quest for the
                  | Orb.
     0 | D:1      | Reached XP level 1. HP: 19/19 MP: 1/1
   308 | D:1      | Reached XP level 2. HP: 26/26 MP: 2/2
   916 | D:2      | Reached XP level 3. HP: 24/33 MP: 3/3
   931 | D:2      | Reached ** piety under Trog
  1114 | D:2      | Noticed Terence
  1124 | D:2      | Killed Terence
  1125 | D:2      | Reached XP level 4. HP: 36/40 MP: 4/4
  1185 | D:2      | Reached skill level 4 in Axes
  1247 | D:2      | Found a sacrificial altar of Ru.
  1266 | D:2      | Noticed Sigmund
  1280 | D:2      | Killed Sigmund
  1281 | D:2      | Reached skill level 5 in Axes
  1281 | D:2      | Reached XP level 5. HP: 47/47 MP: 5/5
  1751 | D:3      | Reached XP level 6. HP: 53/53 MP: 6/6
  1772 | D:3      | Acquired a manual of Fighting
  2139 | D:3      | Found a shadowy altar of Dithmenos.
  2139 | D:3      | Found a burning altar of Makhleb.
  2144 | D:3      | Found an ornate altar of the Wu Jian Council.
  2147 | D:3      | Found a hazy altar of Hepliaklqana.
  2153 | D:3      | Found a radiant altar of Vehumet.
  2181 | D:3      | Found a snail-covered altar of Cheibriados.
  2249 | D:3      | Reached *** piety under Trog
  2570 | D:3      | Found Daementi's Jewellery Emporium.
  2642 | D:4      | Reached skill level 1 in Throwing
  2746 | D:4      | Found a white marble altar of Elyvilon.
  3076 | D:4      | Reached skill level 1 in Stealth
  3696 | D:5      | Entered Level 5 of the Dungeon
  3743 | D:5      | Identified the +2 falchion "Esisuude" {venom, rN++ Str-5}
  3783 | D:5      | Reached skill level 5 in Fighting
  3783 | D:5      | Reached XP level 7. HP: 42/61 MP: 4/7
  3785 | D:5      | Reached skill level 6 in Axes
  4601 | D:5      | Reached **** piety under Trog
  5243 | D:6      | Reached XP level 8. HP: 60/70 MP: 6/8
  5442 | D:6      | Reached skill level 7 in Axes
  5701 | D:6      | Reached skill level 5 in Dodging
  5897 | D:6      | Noticed a manticore
  5908 | D:6      | Mangled by a manticore

Illustrated notes

Levels and vault maps discovered:
D:1:      dpeg_arrival_court, layout_loops_ring
D:2:      layout_rooms, basic_altar, uniq_terence, uniq_sigmund
D:3:      layout_loops_ring, nicolae_overflow_hallway_of_the_gods,
          serial_undead, serial_undead_e, serial_undead_f, serial_undead_a,
          serial_undead_c, serial_undead_f, serial_undead_a, serial_undead_b,
          serial_shops, nicolae_shop_window_shopping
D:4:      layout_cave_pods, elyvilon_altar_1
D:5:      layout_basic
D:6:      layout_loops_ring, minmay_manual_maat

Skill      XL: |  1  2  3  4  5  6  7  8 |
---------------+-------------------------+-----
Dodging        | 3 4 5 |  5.0
Axes           | 5 6 7 |  7.6
Fighting       | 4 5 6 |  6.6
Throwing       | 1 2 3 |  3.1
Stealth        | 1 2 3 |  3.6

Action                   |  1- 3 |  4- 6 |  7- 9 || total
-------------------------+-------+-------+-------++-------
Melee: Hand axe          |    92 |   201 |   157 ||   450
       Tailslap          |     8 |    46 |    22 ||    76
Invok: Berserk           |       |     3 |     2 ||     5
       Trog's Hand       |       |       |     1 ||     1
 Abil: Breathe Dispellin |       |       |    19 ||    19
  Use: Scroll            |       |     8 |     2 ||    10
 Stab: Sleeping          |       |     1 |     3 ||     4
Armor: Skin              |    40 |    67 |    55 ||   162
Dodge: Dodged            |    64 |   147 |   127 ||   338

Table legend: (Time is in decaauts)
 A = Elapsed time spent in this place.
 B = Non-inter-level travel time spent in this place.
 C = Inter-level travel time spent in this place.
 D = Time resting spent in this place.
 E = Time spent auto-exploring this place.
 F = Levels seen in this place.
 G = Mean time per level.
                   A        B        C        D        E       F      G
               +--------+--------+--------+--------+--------+-----+--------+
         Total |   5960 |   5806 |    154 |    320 |   4325 |   6 |  993.3 |
       Dungeon |   5960 |   5806 |    154 |    320 |   4325 |   6 |  993.3 |
               +--------+--------+--------+--------+--------+-----+--------+

Top non-repeatable levels by time:
     D:4: 1401 daAuts
     D:3: 1050 daAuts
     D:5: 1045 daAuts
     D:6: 863 daAuts
     D:2: 830 daAuts
     D:1: 768 daAuts
